Match 46681749
Unlisted

Match 46681749
End
Engineer Squad
Construct Weapon Support Center
Selects Heavy Weapons
M1919 Machine Gun Team
Bazooka Squad
M1919 Machine Gun Team
Mortar Pit
Construct Medical Station
Mechanized Support Center
Bazooka Squad
我是神里凌华的狗
Rodey
코카콜라제로
Jonnies
小德子
MG42
dj pauly d gtl
LeVisir
0
0

Comments sign in to comment!

No comments posted yet!